 Dungeon Crawl Stone Soup version 0.17.1-3-g152610e (webtiles) character file.

507 kaze the Ducker (level 6, 0/62 HPs)
             Began as a Troll Berserker on Mar 8, 2016.
             Was a Priest of Trog.
             Slain by a worker ant (3 damage)
             ... on level 4 of the Dungeon.
             The game lasted 00:05:02 (2184 turns).

kaze the Ducker (Troll Berserker)                   Turns: 2184, Time: 00:05:03

Health: 0/62       AC:  5    Str: 28    XL:     6   Next: 97%
Magic:  5/5        EV: 11    Int:  3    God:    Trog [***...]
Gold:   217        SH:  0    Dex:  9    Spells: 0 memorised, 5 levels left

rFire  . . .     SeeInvis .     t - +1 mace (holy)
rCold  . . .     Clarity  .     a - +0 animal skin
rNeg   . . .     SustAt   .     (no shield)
rPois  .         Gourm    +     (helmet restricted)
rElec  .         Spirit   .     (no cloak)
rCorr  .         Warding  .     (gloves unavailable)
rMut   .         Stasis   .     (boots unavailable)
MR     ++...                    (no amulet)
Stlth  +.........               (no ring)
                                (no ring)

@: lethally poisoned (0 -> 0), exhausted, regenerating, slowed, very slow, very
resistant to hostile enchantments, very unstealthy
A: unfitting armour, claws 3, fast metabolism 3, gourmand, regeneration 2,
shaggy fur 1, tough skin 2
a: Berserk, Trog's Hand, Burn Spellbooks, Renounce Religion


You were on level 4 of the Dungeon.
You worshipped Trog.
Trog was most pleased with you.
You were very full.

You visited 1 branch of the dungeon, and saw 4 of its levels.

You collected 217 gold pieces.

Inventory:

Hand Weapons
 i - a +0 war axe
 t - a +1 mace of holy wrath (weapon)
Missiles
 q - 5 tomahawks (quivered)
Armour
 a - a +0 animal skin (worn)
Jewellery
 f - a cursed ring of loudness {unknown}
Wands
 j - a wand of confusion (26)
Scrolls
 c - 4 scrolls of identify {unknown}
 d - 2 scrolls of teleportation {unknown}
 m - 2 scrolls of remove curse {unknown}
 o - a scroll of recharging {unknown}
 p - a scroll of magic mapping {unknown}
 r - a scroll of random uselessness {unknown}
 s - a scroll of enchant weapon {unknown}
Potions
 e - 3 potions of brilliance {unknown}
 h - a potion of cure mutation {unknown}
 k - 2 potions of might {unknown}
 l - a potion of ambrosia {unknown}
 n - 2 potions of poison {unknown}
 v - a potion of degeneration {unknown}
Comestibles
 b - 4 bread rations
 g - 2 meat rations
 u - 7 chunks of flesh


   Skills:
 + Level 4.0 Fighting
 + Level 2.4 Axes
 + Level 0.1 Throwing
 + Level 4.5 Dodging
 + Level 0.4 Stealth
 + Level 3.7 Unarmed Combat


You had 5 spell levels left.
You didn't know any spells.

Dungeon Overview and Level Annotations

Branches:
Dungeon (4/15)
 Temple: D:4-7

Altars:
Okawaru


Innate Abilities, Weirdness & Mutations

You are too large for most types of armour.
You have claws for hands.
Your metabolism is lightning-fast.
You like to eat raw meat.
You heal very quickly.
You are covered in fur (AC +1).
You have very tough skin (AC +2).


Message History

The worker ant bites you but does no damage.
Unknown command.
You feel sick.
The worker ant bites you but does no damage.
The scorpion barely misses you.
You feel sick. The worker ant bites you!
* * * LOW HITPOINT WARNING * * *
You are more poisoned.
The worker ant poisons you!
You feel sick. The worker ant closely misses you. The scorpion stings you.
* * * LOW HITPOINT WARNING * * *
You feel sick.
You feel sick. The worker ant bites you.
* * * LOW HITPOINT WARNING * * *
You are more poisoned.
The worker ant poisons you!
You hit the worker ant but do no damage.
The worker ant is moderately wounded.
You feel sick. The worker ant bites you.
You die...

### #.# ###.##♣♣
....#.♣♣ ......♣♣
#......♣ #@.#
#########a##
.....$...s#
..........########
###
.................+
...
..[..............#
#.#
.................#
#.#
.........(.......#
#.#
.$.....))........##
#[#


You could see a scorpion and a worker ant.

Vanquished Creatures
  An ice beast (D:3)
  Duvessa (D:4)
  Dowan (D:4)
  A scorpion (D:4)
  Ijyb (D:2)
  An orc wizard (D:4)
  A hound skeleton (D:4)
  6 adders
  2 worms
  2 giant geckos
  10 orcs
  5 bats
  3 giant cockroaches
  9 goblins
  7 hobgoblins
  3 quokkas
  A ball python zombie (D:1)
  A giant gecko zombie (D:1)
  6 giant newts
  4 kobolds
  4 rats
70 creatures vanquished.

Notes
Turn   | Place    | Note
--------------------------------------------------------------
     0 | D:1      | kaze the Troll Berserker began the quest for the Orb.
     0 | D:1      | Reached XP level 1. HP: 22/22 MP: 0/0
   148 | D:1      | Reached XP level 2. HP: 29/29 MP: 1/1
   442 | D:2      | Noticed Ijyb
   444 | D:2      | Reached ** piety under Trog
   458 | D:2      | HP: 1/29 [Ijyb (2)]
   460 | D:2      | Killed Ijyb
   460 | D:2      | Reached XP level 3. HP: 2/36 MP: 2/2
   869 | D:2      | Reached XP level 4. HP: 45/45 MP: 3/3
  1424 | D:3      | Noticed an ice beast
  1431 | D:3      | Killed an ice beast
  1431 | D:3      | Reached skill level 1 in Axes
  1431 | D:3      | Reached XP level 5. HP: 53/53 MP: 4/4
  1747 | D:3      | Found an iron altar of Okawaru.
  1820 | D:3      | Reached *** piety under Trog
  1960 | D:4      | Reached skill level 4 in Dodging
  1960 | D:4      | Reached XP level 6. HP: 34/61 MP: 5/5
  2157 | D:4      | Noticed Duvessa
  2158 | D:4      | Noticed Dowan
  2167 | D:4      | Killed Duvessa
  2174 | D:4      | Killed Dowan
  2181 | D:4      | HP: 1/62 [scorpion (6)]
  2184 | D:4      | Slain by a worker ant

Action                   |  1- 3 |  4- 6 || total
-------------------------+-------+-------++-------
Melee: Unarmed           |    42 |       ||    42
       War axe           |    40 |    96 ||   136
       Mace              |       |    23 ||    23
Throw: Tomahawk          |       |     1 ||     1
Invok: Berserk           |       |     2 ||     2
       Trog's Hand       |       |     2 ||     2
 Stab: Sleeping          |       |     1 ||     1
  Eat: Chunk             |    13 |    14 ||    27
